[Event "Czech open A"]
[Site "?"]
[Date "2013.07.19"]
[Round "1.92"]
[White "Seyb, Alexander"]
[Black "Kubik, Michael"]
[Result "1-0"]
[ECO "B67"]
[WhiteElo "2380"]
[BlackElo "2154"]
[PlyCount "97"]
[EventDate "2013.??.??"]
[TimeControl "6000+2025"]
[WhiteClock "0:24:32"]
[BlackClock "0:17:25"]

1. e4 c5 2. Nf3 Nc6 3. d4 cxd4 4. Nxd4 Nf6 5. Nc3 d6 6. Bg5 e6 7. Qd2 a6 8.
O-O-O Bd7 9. f4 h6 10. Bh4 g5 11. fxg5 Ng4 12. Nf3 Be7 13. g3 Nge5 14. Nxe5
Nxe5 15. gxh6 Bxh4 16. gxh4 Qxh4 17. Qxd6 Qf4+ 18. Kb1 Rxh6 19. Qc7 Bc6 20. Rg1
Rh8 21. Rg2 Ng6 22. Qxf4 Nxf4 23. Rg4 Ng6 24. h3 Ke7 25. b4 Ne5 26. Rg3 Rag8
27. Rxg8 Rxg8 28. Kb2 Rg3 29. Re1 Kf6 30. a4 Kg5 31. b5 axb5 32. axb5 Bd7 33.
Kb3 Rf3 34. Kb4 Kf4 35. Ne2+ Kg5 36. Kc5 Re3 37. Kd4 Nf3+ 38. Kxe3 Nxe1 39. Nd4
e5 40. Nf3+ Nxf3 41. Kxf3 b6 42. Kg3 f5 43. exf5 Kxf5 44. Kf3 Bc8 45. Bd3+ Kf6
46. h4 Bh3 47. h5 Be6 48. Ke4 Bf7 49. h6 1-0

[Event "Czech open A"]
[Site "?"]
[Date "2013.07.20"]
[Round "2.45"]
[White "Nabaty Tamir"]
[Black "Nadjezhdin Dmitry"]
[Result "1/2-1/2"]
[ECO "B46"]
[WhiteElo "2586"]
[BlackElo "2300"]
[PlyCount "92"]
[EventDate "2013.??.??"]
[TimeControl "6000+825"]
[WhiteClock "0:40:38"]
[BlackClock "0:39:54"]

1. e4 c5 2. Nf3 Nc6 3. Nc3 a6 4. d4 cxd4 5. Nxd4 e6 6. Be3 Nge7 7. Nb3 b5 8.
Qh5 Na5 9. f4 Nxb3 10. axb3 Bb7 11. Bd3 Nc6 12. O-O Nb4 13. Rf2 Nxd3 14. cxd3
d5 15. f5 e5 16. f6 gxf6 17. d4 b4 18. Nxd5 Bxd5 19. exd5 Qxd5 20. Rxf6 Bg7 21.
Rf5 O-O 22. dxe5 a5 23. Rd1 Qxb3 24. Bg5 Ra6 25. Bf6 Bxf6 26. exf6 Kh8 27. Qg4
Qe3+ 28. Kh1 Qh6 29. Qc4 Qg6 30. Rdf1 Rg8 31. g3 Rd6 32. Qf4 Ra6 33. Rf2 Qg4
34. Qxg4 Rxg4 35. Rb5 h6 36. b3 Kh7 37. Ra2 Rd4 38. Rbxa5 Rxa5 39. Rxa5 Rd3 40.
g4 Kg6 41. Rf5 Rxb3 42. Kg2 Rc3 43. h4 b3 44. h5+ Kh7 45. Rb5 Rc6 46. Rxb3 Rxf6
1/2-1/2

[Event "Czech open A"]
[Site "?"]
[Date "2013.07.20"]
[Round "2.46"]
[White "Stocek Jiri"]
[Black "Kazakov Konstantin"]
[Result "1/2-1/2"]
[ECO "E21"]
[WhiteElo "2576"]
[BlackElo "2307"]
[PlyCount "107"]
[EventDate "2013.??.??"]
[TimeControl "6000+790"]
[WhiteClock "0:19:17"]
[BlackClock "1:28:26"]

1. d4 Nf6 2. c4 e6 3. Nf3 b6 4. Nc3 Bb4 5. Qb3 c5 6. Bg5 h6 7. Bh4 g5 8. Bg3
Ne4 9. e3 Bb7 10. Bd3 Bxc3+ 11. bxc3 Nxg3 12. hxg3 d6 13. a4 Nc6 14. Rh5 Ke7
15. Nd2 Na5 16. Qc2 Rc8 17. d5 exd5 18. cxd5 Bxd5 19. Rd1 Be6 20. f3 d5 21. Ba6
Rb8 22. Kf2 d4 23. cxd4 cxd4 24. Qd3 Nc6 25. Qa3+ Qd6 26. Qxd6+ Kxd6 27. Ne4+
Ke7 28. exd4 Rbd8 29. Rdh1 Rxd4 30. Bb5 Nb4 31. Rxh6 Rxh6 32. Rxh6 a6 33. Be2
g4 34. Ng5 gxf3 35. gxf3 Nd5 36. Nxe6 fxe6 37. Bxa6 Rxa4 38. Bc8 Ra2+ 39. Ke1
Ra1+ 40. Kd2 Ra2+ 41. Kd3 Ra3+ 42. Kd4 Nf6 43. Bb7 Ra7 44. Bc6 Rc7 45. Bb5 Rc5
46. Bc4 e5+ 47. Kd3 b5 48. Bb3 b4 49. Bc4 Ra5 50. Bb3 Rc5 51. Bc4 Ra5 52. Kc2
Nd5 53. Bxd5 Rxd5 54. Rb6 1/2-1/2

[Event "Czech open A"]
[Site "?"]
[Date "2013.07.20"]
[Round "2.47"]
[White "Villegas Pierre"]
[Black "Piorun Kacper"]
[Result "0-1"]
[ECO "A80"]
[WhiteElo "2288"]
[BlackElo "2566"]
[PlyCount "80"]
[EventDate "2013.??.??"]
[TimeControl "6000+1090"]
[WhiteClock "0:30:52"]
[BlackClock "0:43:27"]

1. d4 f5 2. Bg5 h6 3. Bh4 g5 4. e3 Nf6 5. Bg3 d6 6. h4 Rg8 7. hxg5 hxg5 8. Nc3
e6 9. Qd2 Qe7 10. O-O-O Nc6 11. Bb5 Bd7 12. f3 O-O-O 13. e4 fxe4 14. fxe4 Bg7
15. Kb1 a6 16. Ba4 Kb8 17. Re1 Nxd4 18. Qxd4 Nh5 19. Bxd6 cxd6 20. e5 Bxe5 21.
Rxe5 dxe5 22. Qxe5+ Ka8 23. Bxd7 Qxd7 24. Nf3 Nf4 25. Nxg5 Qg7 26. Qxg7 Rxg7
27. Nce4 Rg6 28. g3 Ne2 29. b3 Rdg8 30. Nf7 Nxg3 31. Nxg3 Rxg3 32. Kb2 Rg2 33.
Re1 Rc8 34. Rxe6 Rcxc2+ 35. Ka3 Rxa2+ 36. Kb4 Rg4+ 37. Kc5 Ra5+ 38. Kd6 Rb4 39.
Kd7 Rxb3 40. Nd6 Rd3 0-1

[Event "Czech open A"]
[Site "?"]
[Date "2013.07.20"]
[Round "2.48"]
[White "Bernasek Jan"]
[Black "Adamek Jiri"]
[Result "1/2-1/2"]
[ECO "A53"]
[WhiteElo "2551"]
[BlackElo "2290"]
[PlyCount "96"]
[EventDate "2013.??.??"]
[TimeControl "6000+1115"]
[WhiteClock "0:08:47"]
[BlackClock "1:02:16"]

1. d4 Nf6 2. c4 d6 3. Nc3 e5 4. d5 Nbd7 5. e4 Nc5 6. f3 a5 7. Be3 Be7 8. Qd2 h6
9. Nge2 Nh7 10. Nc1 Bg5 11. Nb3 b6 12. Nxc5 bxc5 13. Bd3 Bd7 14. a4 Bxe3 15.
Qxe3 Qg5 16. Qf2 f5 17. Nb5 Kd8 18. h4 Qg6 19. exf5 Bxf5 20. Bf1 Rf8 21. O-O-O
Bd7 22. Bd3 Bf5 23. Bf1 Bd7 24. Bd3 Bf5 25. Qe2 Bxd3 26. Rxd3 Nf6 27. g4 Ng8
28. Re3 Kd7 29. Re1 Qf6 30. Rh1 Ne7 31. Kb1 h5 32. Ka2 Rh8 33. Re4 Ng6 34. gxh5
Nf4 35. Qe1 Rxh5 36. Qg3 g6 37. Rh2 Rah8 38. Qe1 Ra8 39. Qg3 Rah8 40. Qe1 Ra8
41. Re3 Qe7 42. Rb3 Qh7 43. Qg3 Qf7 44. Qf2 Qf5 45. Qd2 Qf6 46. Qe1 Qf5 47. Qd2
Qf6 48. Qe1 Qf5 1/2-1/2

[Event "Czech open A"]
[Site "?"]
[Date "2013.07.20"]
[Round "2.49"]
[White "Jaracz Pawel"]
[Black "Vlasak Lukas"]
[Result "1/2-1/2"]
[ECO "D48"]
[WhiteElo "2531"]
[BlackElo "2296"]
[PlyCount "49"]
[EventDate "2013.??.??"]
[TimeControl "6000+1125"]
[WhiteClock "0:17:15"]
[BlackClock "0:40:07"]

1. d4 Nf6 2. c4 e6 3. Nf3 d5 4. Nc3 c6 5. e3 Nbd7 6. Bd3 dxc4 7. Bxc4 b5 8. Bd3
a6 9. a4 b4 10. Ne4 c5 11. Nxf6+ Nxf6 12. dxc5 Bxc5 13. O-O Bb7 14. Qe2 O-O 15.
e4 e5 16. Bg5 Qe7 17. Rac1 Rfc8 18. Nd2 h6 19. Bh4 a5 20. Nc4 Qe6 21. Qf3 Nd7
22. Ne3 Nb6 23. Nf5 Bf8 24. Bb5 g6 25. Ne3 1/2-1/2

[Event "Czech open A"]
[Site "?"]
[Date "2013.07.20"]
[Round "2.50"]
[White "Ageichenko Gennady"]
[Black "Lintchevski Daniil"]
[Result "1/2-1/2"]
[ECO "A46"]
[WhiteElo "2298"]
[BlackElo "2529"]
[PlyCount "84"]
[EventDate "2013.??.??"]
[TimeControl "6000+1535"]
[WhiteClock "0:29:52"]
[BlackClock "0:27:31"]

1. d4 Nf6 2. Nf3 e6 3. c4 c5 4. e3 cxd4 5. exd4 d5 6. Nc3 Bb4 7. cxd5 Nxd5 8.
Bd2 Nc6 9. Bd3 Nf6 10. Be3 O-O 11. O-O Bxc3 12. bxc3 b6 13. Bg5 Bb7 14. Qe2 h6
15. Bh4 Ne7 16. Bxf6 gxf6 17. Qe3 Kg7 18. Qf4 Rg8 19. Rfe1 Nd5 20. Qd2 Ne7 21.
Nh4 f5 22. Re3 Kh7 23. Rg3 Ng6 24. Nxg6 Rxg6 25. Re1 Rxg3 26. hxg3 Kg7 27. Qf4
Rc8 28. c4 Qg5 29. Be2 Qxf4 30. gxf4 Bc6 31. f3 Rd8 32. Rd1 a6 33. Kf2 b5 34.
Ke3 bxc4 35. Bxc4 Bd5 36. Kd3 Bxc4+ 37. Kxc4 Rc8+ 38. Kb3 Kf6 39. Rh1 Kg6 40.
Rd1 Rb8+ 41. Kc3 Rc8+ 42. Kb3 Rb8+ 1/2-1/2

[Event "Czech open A"]
[Site "?"]
[Date "2013.07.20"]
[Round "2.51"]
[White "Cvek Robert"]
[Black "Cherepanov Vladislav"]
[Result "1/2-1/2"]
[ECO "E11"]
[WhiteElo "2527"]
[BlackElo "2284"]
[PlyCount "156"]
[EventDate "2013.??.??"]
[TimeControl "6000+910"]
[WhiteClock "0:02:04"]
[BlackClock "0:08:46"]

1. d4 Nf6 2. c4 e6 3. Nf3 Bb4+ 4. Bd2 Be7 5. Nc3 d5 6. Qc2 Nbd7 7. cxd5 exd5 8.
Bg5 c6 9. e3 Nf8 10. Bd3 Ne6 11. Bh4 g6 12. O-O Ng7 13. b4 a6 14. Bxf6 Bxf6 15.
a4 Bg4 16. Nd2 Rc8 17. Nb3 Be7 18. Nc5 Rc7 19. b5 axb5 20. axb5 Bxc5 21. dxc5
O-O 22. Ra4 Bf5 23. Bxf5 Nxf5 24. Rd1 Rd7 25. Ne2 Re8 26. b6 Qg5 27. Rf4 Rde7
28. g3 Re5 29. Nd4 Nxd4 30. Rdxd4 Qe7 31. Ra4 Rh5 32. Qc3 Qe5 33. Qxe5 Rhxe5
34. Ra7 R8e7 35. Ra8+ Kg7 36. Rb8 Rd7 37. Ra4 h5 38. Kg2 Ree7 39. Kf3 Kf6 40.
h3 Ke5 41. Rd4 Kf5 42. g4+ hxg4+ 43. hxg4+ Kg5 44. Kg3 Re6 45. Rc8 Kf6 46. Rf4+
Ke5 47. f3 f5 48. Rd4 Kf6 49. Rc7 Ree7 50. Rxd7 Rxd7 51. Ra4 Re7 52. Kf2 Rh7
53. gxf5 gxf5 54. Ke2 Rh1 55. Ra7 Rh7 56. Ra8 f4 57. exf4 Re7+ 58. Kd3 Kf7 59.
Rc8 Ke6 60. Rb8 Rf7 61. Ke3 Kf5 62. Re8 Kf6 63. Kd4 Kf5 64. Rc8 Ke6 65. Ke3 Re7
66. Rf8 Rf7 67. Rh8 Re7 68. Kd4 Rf7 69. Ke3 Re7 70. Rh5 Kf6+ 71. Kd4 Re1 72.
Rh7 Re7 73. Rh8 Ke6 74. Rd8 Rf7 75. Ke3 Kf5 76. Re8 Kf6 77. Kd4 Kf5 78. Rc8 Ke6
1/2-1/2

[Event "Czech open A"]
[Site "?"]
[Date "2013.07.20"]
[Round "2.52"]
[White "Petr Martin"]
[Black "Cerveny Petr"]
[Result "1-0"]
[ECO "C16"]
[WhiteElo "2523"]
[BlackElo "2285"]
[PlyCount "75"]
[EventDate "2013.??.??"]
[TimeControl "6000+850"]
[WhiteClock "0:12:50"]
[BlackClock "0:01:56"]

1. e4 e6 2. d4 d5 3. Nc3 Bb4 4. e5 b6 5. Qg4 Bf8 6. Nf3 Qd7 7. Be3 Ne7 8. h4 h6
9. h5 Nbc6 10. Nh4 Bb7 11. f4 O-O-O 12. O-O-O Kb8 13. Kb1 Na5 14. Bd3 Nc4 15.
Bc1 Na5 16. Be3 Nc4 17. Bf2 Rg8 18. Qe2 Na5 19. g4 g6 20. hxg6 fxg6 21. f5 gxf5
22. gxf5 exf5 23. e6 Qe8 24. Nxf5 Nxf5 25. Bxf5 Nc4 26. Bh4 Be7 27. b3 Nd6 28.
Bd3 Rh8 29. Qe5 Bc8 30. Rde1 Bxh4 31. Rxh4 Qe7 32. Rf4 Rde8 33. Bg6 Nc4 34.
Qxd5 Na3+ 35. Kb2 Rd8 36. Qf3 Bb7 37. d5 Qg7 38. e7 1-0

[Event "Czech open A"]
[Site "?"]
[Date "2013.07.20"]
[Round "2.53"]
[White "Krejci Jan"]
[Black "Stanetzek Carsten"]
[Result "1-0"]
[ECO "D10"]
[WhiteElo "2521"]
[BlackElo "2274"]
[PlyCount "47"]
[EventDate "2013.??.??"]
[TimeControl "6000+620"]
[WhiteClock "1:08:26"]
[BlackClock "0:21:00"]

1. d4 d5 2. c4 c6 3. Nc3 Nf6 4. e3 a6 5. Nf3 Bg4 6. h3 Bh5 7. g4 Bg6 8. Qb3 b5
9. cxd5 Nxd5 10. Ne5 e6 11. Bg2 Bd6 12. Nxg6 hxg6 13. Bd2 O-O 14. Ne4 a5 15. a4
b4 16. Rc1 e5 17. Nxd6 Qxd6 18. dxe5 Qxe5 19. O-O Ra7 20. f4 Qe6 21. e4 Nxf4
22. Qe3 Nxg2 23. Qxa7 Qd6 24. Qf2 1-0

[Event "Czech open A"]
[Site "?"]
[Date "2013.07.20"]
[Round "2.54"]
[White "Gretarsson Hjoerrar Steinn"]
[Black "Tate Alan"]
[Result "0-1"]
[ECO "A16"]
[WhiteElo "2511"]
[BlackElo "2277"]
[PlyCount "96"]
[EventDate "2013.??.??"]
[TimeControl "6000+1065"]
[WhiteClock "0:37:32"]
[BlackClock "0:21:31"]

1. c4 Nf6 2. Nc3 d5 3. cxd5 Nxd5 4. Nf3 g6 5. Qb3 Nb6 6. d4 Bg7 7. Bf4 Be6 8.
Qa3 Nc6 9. e3 a5 10. Rc1 O-O 11. Nb5 Rc8 12. Be2 Nd5 13. Bg3 Nf6 14. h3 Ne4 15.
Bh2 Nd6 16. O-O Nxb5 17. Bxb5 Bd5 18. Rfd1 Qd7 19. Nd2 Bxg2 20. Kxg2 Qd5+ 21.
Nf3 Qxb5 22. Rc5 Qb6 23. Nd2 Rfd8 24. Nc4 Qb4 25. Qxb4 Nxb4 26. a3 Nd5 27. Rc1
b6 28. Rc6 f5 29. Nxb6 Nxb6 30. Bxc7 Rxc7 31. Rxc7 Kf7 32. Ra7 a4 33. Rcc7 Bf6
34. Rcb7 Rd6 35. Ra6 Nc4 36. Rxa4 Nd2 37. Raa7 f4 38. b4 fxe3 39. fxe3 Re6 40.
Kf2 Nc4 41. b5 Rxe3 42. Rd7 Bh4+ 43. Kg2 Nd2 44. Rxe7+ Bxe7 45. b6 Rxa3 46. d5
Kf6 47. b7 Rb3 48. Ra6+ Kf7 0-1

[Event "Czech open A"]
[Site "?"]
[Date "2013.07.20"]
[Round "2.55"]
[White "Harika Dronavalli"]
[Black "Kulon Klaudia"]
[Result "1/2-1/2"]
[ECO "D85"]
[WhiteElo "2489"]
[BlackElo "2258"]
[PlyCount "72"]
[EventDate "2013.??.??"]
[TimeControl "6000+760"]
[WhiteClock "0:10:00"]
[BlackClock "0:22:35"]

1. d4 Nf6 2. c4 g6 3. Nc3 d5 4. cxd5 Nxd5 5. Bd2 Nb6 6. Nf3 Bg7 7. Rc1 O-O 8.
Bf4 c5 9. dxc5 Bxc3+ 10. bxc3 Qxd1+ 11. Kxd1 Na4 12. e3 f6 13. Bxb8 Rxb8 14.
Nd4 Nxc5 15. Bc4+ Kg7 16. Ke2 e5 17. Nb3 Be6 18. Bxe6 Nxe6 19. Rhd1 Rfd8 20. c4
Kf7 21. c5 Rbc8 22. Rxd8 Nxd8 23. Kd3 Ne6 24. a4 Ke7 25. Rc4 Rd8+ 26. Ke2 Kd7
27. g4 Kc6 28. h4 Rh8 29. Na5+ Kc7 30. Nb3 h5 31. Kd3 hxg4 32. Rxg4 Rh6 33. Kc3
Kd7 34. Rb4 Kc7 35. Rg4 Nf8 36. Na5 Ne6 1/2-1/2

[Event "Czech open A"]
[Site "?"]
[Date "2013.07.20"]
[Round "2.56"]
[White "Mukashev Assan"]
[Black "Lalic Bogdan"]
[Result "1/2-1/2"]
[ECO "D11"]
[WhiteElo "2247"]
[BlackElo "2489"]
[PlyCount "25"]
[EventDate "2013.??.??"]
[TimeControl "6000+530"]
[WhiteClock "1:12:10"]
[BlackClock "1:28:00"]

1. d4 d5 2. c4 c6 3. Nf3 Nf6 4. Qb3 dxc4 5. Qxc4 Bg4 6. Nc3 Nbd7 7. Qd3 Bxf3 8.
Qxf3 e5 9. dxe5 Nxe5 10. Qf5 Bd6 11. Bg5 Qd7 12. Qxd7+ Nexd7 13. g3 1/2-1/2

[Event "Czech open A"]
[Site "?"]
[Date "2013.07.20"]
[Round "2.57"]
[White "Idani Pouya"]
[Black "Jaracz Barbara"]
[Result "1-0"]
[ECO "C77"]
[WhiteElo "2476"]
[BlackElo "2270"]
[PlyCount "131"]
[EventDate "2013.??.??"]
[TimeControl "6000+1250"]
[WhiteClock "1:26:41"]
[BlackClock "0:12:24"]

1. e4 e5 2. Nf3 Nc6 3. Bb5 a6 4. Ba4 Nf6 5. d3 d6 6. O-O Be7 7. Re1 Bd7 8. c3
O-O 9. d4 b5 10. Bc2 Bg4 11. d5 Na5 12. Nbd2 Qd7 13. b4 Nb7 14. h3 Bh5 15. Nf1
c6 16. Ng3 Bg6 17. Bg5 cxd5 18. Bxf6 Bxf6 19. Qxd5 Rac8 20. Re3 Nd8 21. Rd1 Rc6
22. Nxe5 Bxe5 23. Qxe5 Qc7 24. Qd4 Ne6 25. Qd2 Rc8 26. Bb3 Nf4 27. Rc1 Qe7 28.
Ne2 Qe5 29. Nxf4 Qxf4 30. Qd4 Qe5 31. Qxe5 dxe5 32. Bd5 R6c7 33. c4 bxc4 34.
Rec3 Kf8 35. f3 f5 36. Rxc4 Rxc4 37. Rxc4 Rxc4 38. Bxc4 fxe4 39. Bxa6 exf3 40.
gxf3 Ke7 41. Bb7 Be8 42. Be4 h6 43. Bc2 Kd6 44. a4 Kd5 45. a5 Bb5 46. Be4+ Kd6
47. Kf2 g5 48. h4 Kc7 49. Kg3 Bd7 50. Bd3 Kb7 51. b5 Ka7 52. Bc4 Kb7 53. Bd5+
Ka7 54. Bc6 Be6 55. hxg5 hxg5 56. Kf2 g4 57. fxg4 Bxg4 58. Ke3 Bf5 59. b6+ Ka6
60. Bb5+ Kb7 61. Bd3 Bc8 62. Ke4 Kc6 63. Kxe5 Kc5 64. Kf6 Kc6 65. Ke7 Bb7 66.
Kd8 1-0

[Event "Czech open A"]
[Site "?"]
[Date "2013.07.20"]
[Round "2.58"]
[White "Vetoshko Volodymyr"]
[Black "Richter Michael"]
[Result "1/2-1/2"]
[ECO "C05"]
[WhiteElo "2268"]
[BlackElo "2470"]
[PlyCount "89"]
[EventDate "2013.??.??"]
[TimeControl "6000+995"]
[WhiteClock "0:25:10"]
[BlackClock "0:25:01"]

1. e4 e6 2. d4 d5 3. Nd2 Nf6 4. e5 Nfd7 5. Bd3 c5 6. c3 Nc6 7. Ne2 a5 8. O-O a4
9. a3 Nb6 10. Nf3 cxd4 11. cxd4 Bd7 12. Ng3 Na5 13. Bg5 Qc7 14. Nd2 Nbc4 15.
Rc1 b5 16. Nxc4 bxc4 17. Bc2 Nb3 18. Bxb3 axb3 19. Qxb3 Rb8 20. Qc3 Qb6 21. Rb1
h6 22. Bd2 Qb3 23. Nh5 Qxc3 24. Bxc3 Ba4 25. Rbc1 Kd7 26. f4 g6 27. Nf6+ Kc8
28. Ng4 Be7 29. Ne3 h5 30. g3 Kb7 31. Kg2 Ka6 32. h3 f5 33. exf6 Bxf6 34. h4
Bd7 35. Rfe1 Rb6 36. Nf1 Rhb8 37. Re2 Kb5 38. Nd2 Ka4 39. Nf3 Ra6 40. Rce1 Rf8
41. Ne5 Bxe5 42. fxe5 Rf5 43. Rf2 Ra7 44. Ref1 Be8 45. Rf4 1/2-1/2

[Event "Czech open A"]
[Site "?"]
[Date "2013.07.20"]
[Round "2.59"]
[White "Akesson Ralf"]
[Black "Jedlicka Ales"]
[Result "1-0"]
[ECO "A17"]
[WhiteElo "2469"]
[BlackElo "2226"]
[PlyCount "65"]
[EventDate "2013.??.??"]
[TimeControl "6000+755"]
[WhiteClock "0:08:04"]
[BlackClock "0:08:24"]

1. c4 Nf6 2. Nc3 e6 3. Nf3 Bb4 4. g3 O-O 5. Bg2 c5 6. O-O Nc6 7. d4 Bxc3 8.
bxc3 d6 9. Rb1 Qe7 10. d5 Na5 11. Qd3 e5 12. e4 b6 13. Nh4 Ne8 14. f4 f6 15.
Rf2 Qd7 16. Nf5 Ba6 17. Qd1 g6 18. Nh6+ Kh8 19. h4 Ng7 20. f5 gxf5 21. Bh3 Qe7
22. Bxf5 Bc8 23. Bxc8 Raxc8 24. Qe2 Qd7 25. Bd2 Qa4 26. Rbf1 Qxc4 27. Qg4 f5
28. Nxf5 Nxf5 29. Rxf5 Rg8 30. Bg5 Rg6 31. Rf8+ Rxf8 32. Rxf8+ Kg7 33. Qf5 1-0

[Event "Czech open A"]
[Site "?"]
[Date "2013.07.20"]
[Round "2.60"]
[White "Sergeev Vladimir"]
[Black "Golubov Saveliy"]
[Result "1-0"]
[ECO "A01"]
[WhiteElo "2436"]
[BlackElo "2242"]
[PlyCount "121"]
[EventDate "2013.??.??"]
[TimeControl "6000+1395"]
[WhiteClock "0:08:56"]
[BlackClock "0:01:17"]

1. b3 e5 2. Bb2 Nc6 3. e3 Nf6 4. c4 d5 5. cxd5 Nxd5 6. a3 Bd6 7. d3 O-O 8. Nd2
Nb6 9. Ngf3 f5 10. Be2 Be6 11. Qc2 Qe7 12. O-O Rad8 13. Rfe1 Bf7 14. Bf1 Rfe8
15. e4 f4 16. b4 a6 17. d4 Qf6 18. Bxa6 Nxd4 19. Nxd4 bxa6 20. Nc6 Ra8 21. a4
Nd7 22. Rad1 Nb8 23. Nc4 Nxc6 24. Nxd6 cxd6 25. Qxc6 Red8 26. Qc3 Rac8 27. Qd3
Bc4 28. Qa3 h6 29. f3 Qh4 30. Rc1 Kh7 31. Bc3 Qe7 32. Qb2 Qa7+ 33. Qf2 Qxf2+
34. Kxf2 Bb3 35. b5 axb5 36. axb5 Ra8 37. Rb1 Be6 38. b6 Rd7 39. Red1 Rb8 40.
Rb5 Kg8 41. Rd2 Bc4 42. Rb1 Be6 43. Rb5 Bc4 44. Rb1 Be6 45. h4 Kf7 46. Rb5 Bc4
47. Rc5 Be6 48. Rc6 d5 49. exd5 Rxd5 50. Rxd5 Bxd5 51. Rd6 Ba8 52. Bxe5 Re8 53.
Bxf4 Re6 54. Rd8 Bc6 55. Rc8 Bd5 56. Bc7 Kg6 57. Rd8 Bc6 58. Rd2 Rf6 59. Rb2
Bb7 60. Ra2 Bc8 61. Bd8 1-0

[Event "Czech open A"]
[Site "?"]
[Date "2013.07.20"]
[Round "2.61"]
[White "Lokander Martin"]
[Black "Kupers Stefan"]
[Result "0-1"]
[ECO "D45"]
[WhiteElo "2238"]
[BlackElo "2432"]
[PlyCount "162"]
[EventDate "2013.??.??"]
[TimeControl "6000+2330"]
[WhiteClock "0:28:39"]
[BlackClock "0:03:15"]

1. d4 d5 2. c4 c6 3. Nc3 Nf6 4. e3 e6 5. Nf3 Nbd7 6. Qc2 b6 7. cxd5 exd5 8. Bd3
Be7 9. e4 dxe4 10. Nxe4 Bb7 11. O-O O-O 12. Ne5 c5 13. Ng5 g6 14. Nexf7 Rxf7
15. Bc4 Bd5 16. Bxd5 Nxd5 17. Nxf7 Kxf7 18. Qb3 N7f6 19. dxc5 bxc5 20. Bg5 Rb8
21. Qa4 Qd7 22. Qxd7 Nxd7 23. Rad1 N7b6 24. f4 Ne3 25. Rde1 Bxg5 26. Rxe3 Bf6
27. Rh3 Kg7 28. Rb3 Re8 29. Rc1 Bd4+ 30. Kf1 Nd5 31. Rb7+ Kh6 32. g3 Ne3+ 33.
Ke2 Nc4+ 34. Kf3 Nxb2 35. g4 Re3+ 36. Kg2 Nd3 37. Rf1 g5 38. fxg5+ Kxg5 39.
Rxa7 Re2+ 40. Kg3 Re3+ 41. Kg2 c4 42. Rxh7 c3 43. Rc7 Ne1+ 44. Kh1 c2 45. Rf2
Bc3 46. Rc5+ Kxg4 47. Rc4+ Kg5 48. Rc5+ Be5 49. Rcxc2 Nxc2 50. Rxc2 Rh3 51. Re2
Bf4 52. Kg2 Kg4 53. Kf1 Bxh2 54. Ke1 Bf4 55. Kd1 Ra3 56. Kc2 Rxa2+ 57. Kd3 Ra7
58. Kd4 Kf5 59. Kd5 Rd7+ 60. Kc6 Rd6+ 61. Kc5 Be5 62. Rc2 Rd8 63. Rc4 Ke6 64.
Kc6 Rb8 65. Kc5 Bd6+ 66. Kc6 Ke5 67. Rh4 Rc8+ 68. Kb7 Rc3 69. Rh5+ Kd4 70. Kb6
Be5 71. Rh4+ Kd5 72. Kb5 Rc8 73. Rh6 Rb8+ 74. Rb6 Rf8 75. Rh6 Rg8 76. Rh5 Rb8+
77. Ka5 Rb1 78. Rg5 Kd4 79. Rg8 Bc7+ 80. Ka4 Kc3 81. Rg6 Ra1+ 0-1

[Event "Czech open A"]
[Site "?"]
[Date "2013.07.20"]
[Round "2.62"]
[White "Triapishko Olexandr"]
[Black "Rojicek Vojtech"]
[Result "0-1"]
[ECO "B42"]
[WhiteElo "2221"]
[BlackElo "2413"]
[PlyCount "44"]
[EventDate "2013.??.??"]
[TimeControl "6000+1685"]
[WhiteClock "0:05:13"]
[BlackClock "0:58:57"]

1. e4 c5 2. Nf3 e6 3. d4 cxd4 4. Nxd4 a6 5. Bd3 Bc5 6. Nb3 Ba7 7. Qe2 Nc6 8.
Nc3 d6 9. Be3 Nge7 10. O-O-O b5 11. f4 b4 12. Na4 Bd7 13. e5 Nd5 14. Bxa7 Nxa7
15. exd6 Bxa4 16. Nc5 Bc6 17. d7+ Bxd7 18. f5 O-O 19. fxe6 Bc6 20. exf7+ Rxf7
21. Ne6 Qf6 22. Be4 Nf4 0-1

[Event "Czech open A"]
[Site "?"]
[Date "2013.07.20"]
[Round "2.63"]
[White "Westerberg Jonathan"]
[Black "Tokranovs Dmitrijs"]
[Result "1-0"]
[ECO "B01"]
[WhiteElo "2410"]
[BlackElo "2190"]
[PlyCount "113"]
[EventDate "2013.??.??"]
[TimeControl "6000+1170"]
[WhiteClock "0:10:26"]
[BlackClock "0:15:18"]

1. e4 d5 2. exd5 Qxd5 3. Nc3 Qd6 4. d4 Nf6 5. Nf3 Bg4 6. h3 Bh5 7. Be3 e6 8. g4
Bg6 9. Ne5 Nc6 10. Nxc6 bxc6 11. Bg2 Nd5 12. Nxd5 cxd5 13. O-O h5 14. g5 Be7
15. c4 O-O 16. Rc1 Rab8 17. Qd2 dxc4 18. Rxc4 Qa6 19. b3 Bd6 20. Ra4 Qb5 21.
Rxa7 Bb4 22. Qb2 c5 23. a4 Qb6 24. Rd7 Rfd8 25. Rxd8+ Rxd8 26. dxc5 Bxc5 27.
Bxc5 Qxc5 28. Qc1 Qb6 29. Rd1 Rb8 30. Qc3 Qxb3 31. Qxb3 Rxb3 32. Ra1 Bd3 33. a5
Ba6 34. Bf1 Bxf1 35. Kxf1 Rxh3 36. Ke2 Rb3 37. a6 Rb8 38. a7 Ra8 39. Ke3 Kh7
40. Kd4 Kg6 41. Kc5 Kxg5 42. Kb6 Kf4 43. Kb7 Rxa7+ 44. Rxa7 g5 45. Kc6 Kf3 46.
Rxf7+ Kg2 47. Kd6 h4 48. Kxe6 h3 49. Kf5 Kxf2 50. Kg4+ Kg2 51. Rd7 h2 52. Rd2+
Kg1 53. Kg3 h1=N+ 54. Kf3 g4+ 55. Kxg4 Nf2+ 56. Kf3 Nh3 57. Kg3 1-0

[Event "Czech open A"]
[Site "?"]
[Date "2013.07.20"]
[Round "2.64"]
[White "Berthier Hugo"]
[Black "Karavade Eesha"]
[Result "0-1"]
[ECO "E06"]
[WhiteElo "2208"]
[BlackElo "2398"]
[Annotator "Doe,John"]
[PlyCount "132"]
[EventDate "2013.??.??"]
[TimeControl "6000+1020"]
[WhiteClock "0:05:04"]
[BlackClock "0:21:13"]

1. d4 Nf6 2. c4 e6 3. Nf3 d5 4. g3 Be7 5. Bg2 O-O 6. O-O dxc4 7. Qc2 a6 8. Qxc4
b5 9. Qc2 Bb7 10. Bd2 Bd6 11. Re1 Be4 12. Qb3 Bd5 13. Qd1 Bb7 14. Qc2 Be4 15.
Qb3 c5 16. dxc5 Bxc5 17. Be3 Nbd7 18. Nc3 Bc6 19. Bxc5 Nxc5 20. Qb4 Qb6 21.
Rac1 Rac8 22. Ng5 a5 23. Qf4 Bxg2 24. Kxg2 h6 25. Nge4 Ncxe4 26. Nxe4 Qb7 27.
f3 Nxe4 28. Qxe4 Qxe4 29. fxe4 Rfd8 30. Kf3 Rxc1 31. Rxc1 Rd2 32. Rb1 Kf8 33.
Ke3 Rc2 34. Kd3 Rc7 35. b3 Ke7 36. Rb2 Kf6 37. Kd4 Kg5 38. e5 Kg4 39. Ke4 Rc5
40. e3 f5+ 41. exf6 gxf6 42. Rf2 f5+ 43. Kd3 Rd5+ 44. Ke2 Kh3 45. Rf4 Kxh2 46.
Kf3 Rd2 47. e4 Rxa2 48. exf5 exf5 49. Rxf5 b4 50. Rh5+ Kg1 51. Rxh6 Ra3 52. Ra6
Rxb3+ 53. Kf4 Ra3 54. g4 b3 55. Ke4 Ra4+ 56. Kd3 Rb4 57. Re6 Rxg4 58. Kc3 a4
59. Re1+ Kf2 60. Ra1 Ke2 61. Kb2 Kd3 62. Ka3 Rg2 63. Rd1+ Rd2 64. Ra1 Kc3 65.
Rc1+ Rc2 66. Ra1 Kc4 0-1

[Event "Czech open A"]
[Site "?"]
[Date "2013.07.20"]
[Round "2.65"]
[White "Muhsen Abulla Mohmmed"]
[Black "Seger Ruediger"]
[Result "1/2-1/2"]
[ECO "A16"]
[WhiteElo "2203"]
[BlackElo "2393"]
[PlyCount "51"]
[EventDate "2013.??.??"]
[TimeControl "6000+2195"]
[WhiteClock "0:23:16"]
[BlackClock "0:13:06"]

1. c4 Nf6 2. Nc3 d5 3. cxd5 Nxd5 4. Nf3 g6 5. h4 h6 6. e4 Nxc3 7. bxc3 Bg7 8.
Rb1 c5 9. d4 b6 10. Bf4 Bg4 11. Qa4+ Bd7 12. Qa3 O-O 13. Be5 Bxe5 14. Nxe5 Nc6
15. Nxc6 Bxc6 16. d5 Bd7 17. Bc4 e6 18. Qc1 Kg7 19. Qf4 Qf6 20. Qg3 exd5 21.
Bxd5 Bc6 22. O-O Bxd5 23. exd5 Rfe8 24. Rfe1 Rxe1+ 25. Rxe1 Rd8 26. Rd1 1/2-1/2

[Event "Czech open A"]
[Site "?"]
[Date "2013.07.20"]
[Round "2.66"]
[White "Karasek Lukas"]
[Black "Kourousis Epaminondas"]
[Result "0-1"]
[ECO "E19"]
[WhiteElo "2203"]
[BlackElo "2391"]
[PlyCount "59"]
[EventDate "2013.??.??"]
[TimeControl "6000+2005"]
[WhiteClock "0:02:14"]
[BlackClock "0:07:21"]

1. d4 Nf6 2. c4 e6 3. Nf3 b6 4. g3 Bb7 5. Bg2 Be7 6. O-O O-O 7. Nc3 Ne4 8. Qc2
Nxc3 9. Qxc3 d6 10. Rd1 Bf6 11. Qc2 g6 12. e4 Nd7 13. Be3 Qe7 14. Rac1 c5 15.
d5 e5 16. Ne1 Bg5 17. f4 Bh6 18. Nd3 Rae8 19. Re1 exf4 20. gxf4 Nf6 21. Nf2 Nh5
22. Nd3 Bc8 23. Qf2 Nf6 24. Bd2 Ng4 25. Qg3 Bg7 26. h3 Bd4+ 27. Kh1 Nf6 28. Re2
b5 29. b3 Nh5 30. Qf3 0-1